 Dungeon Crawl Stone Soup version 0.31-a0-360-gb3e1d13bf4 (webtiles) character file.

Game seed: 16777574757952610909

2216 Newt the Fighter (level 9, -1/70 HPs)
             Began as a Merfolk Fighter on July 26, 2023.
             Was a Follower of Hepliaklqana.
             Slain by a vampire (6 damage)
             ... on level 5 of the Dungeon on July 27, 2023.
             The game lasted 00:09:24 (6446 turns).

Newt the Fighter (Merfolk Fighter)                  Turns: 6446, Time: 00:09:25

Health: -1/70      AC: 10    Str: 20    XL:     9   Next: 35%
Magic:  9/9        EV: 10    Int:  8    God:    Hepliaklqana [*.....]
Gold:   353        SH:  7    Dex: 13    Spells: 8/8 levels left

rFire   . . .        a - +1 trident
rCold   + + .        h - +3 buckler
rNeg    . . .        e - +0 chain mail {rC+}
rPois   +            (no helmet)
rElec   .            d - +1 cloak {Stlth+}
rCorr   .            (no gloves)
SInv    .            (no boots)
Will    .....        k - amulet of the acrobat
Stlth   +            s - ring of protection from cold
HPRegen 0.31/turn    (no ring)
MPRegen 0.11/turn

%: acrobat
@: hasted, studying 2 skills, very quick
A: reduced essence, (nimble swimmer 2), mertail, poison resistance, inability to
read after injury 1
a: Renounce Religion, Recall Ancestor, Ancestor Identity


You were on level 5 of the Dungeon.
You worshipped Hepliaklqana.
Hepliaklqana was aware of your devotion.
You visited 2 branches of the dungeon, and saw 7 of its levels.
You also visited: Sewer.

You collected 353 gold pieces.

Inventory:

Hand Weapons
 a - a +1 trident (weapon)
 o - a +1 spear of pain
Missiles
 p - 14 poisoned darts
Armour
 b - a +0 scale mail
 c - a +1 buckler
 d - a +1 cloak of stealth (worn)
 e - a +0 chain mail of cold resistance (worn)
 h - a +3 buckler (worn)
 n - the +1 ring mail of Starshine {-Tele rCorr Dex+4}
   (You took it off a gnoll sergeant on level 4 of the Dungeon)

   Dex:       It affects your dexterity (+4).
   -Tele:     It prevents most forms of teleportation.
   rCorr:     It protects you from acid and corrosion.
Jewellery
 k - an amulet of the acrobat (around neck)
 s - a ring of protection from cold (left hand)
 w - an amulet of guardian spirit
 A - a ring of protection from cold
Wands
 g - a wand of flame (32)
 r - a wand of paralysis (7)
 t - a wand of light (3)
Scrolls
 v - a scroll of enchant armour
 y - a scroll of silence
Potions
 f - a potion of cancellation
 i - 2 potions of mutation
 j - 8 potions of brilliance
 l - a potion of magic
 u - a potion of might
 x - a potion of degeneration {unknown}
 z - a potion of invisibility
 B - a potion of enlightenment


   Skills:
 - Level 10.0 Fighting
 - Level 8.0 Polearms
 - Level 2.1 Armour
 + Level 8.3 Dodging
 - Level 4.0 Stealth
 - Level 3.0 Shields
 - Level 4.0 Evocations


You had 8 spell levels left.
You didn't know any spells.
Your spell library contained the following spells:

 Spells                   Type           Power      Damage    Failure   Level
 Ensorcelled Hibernation  Hex/Ice        0%         N/A       100%        2
 Ignite Poison            Fire/Tmut/Pois 0%         N/A       100%        3
 Portal Projectile        Hex/Tloc       0%         N/A       100%        3
 Tukima's Dance           Hex            0%         N/A       100%        3
 Anguish                  Hex/Necr       0%         N/A       100%        4
 Iskenderun's Mystic Bla  Conj/Tloc      0%         2d3       100%        4
 Sticky Flame             Conj/Fire      0%         2d3       100%        4
 Ignition                 Fire           0%         3d3       100%        8


Dungeon Overview and Level Annotations

Branches:
Dungeon (6/15)             Temple (1/1) D:4           Sewer (visited)

Altars:
Ashenzari
Cheibriados
Dithmenos
Elyvilon
Fedhas
Gozag
Hepliaklqana
Kikubaaqudgha
Makhleb
Nemelex Xobeh
Qazlal
Ru
Trog
Uskayaw
Vehumet
Wu Jian
Xom
Yredelemnul
Zin


Innate Abilities, Weirdness & Mutations

Your life essence is reduced to manifest your ancestor. (-10% HP)
((You are very nimble when in or above water. (Stealth+, EV+, Speed+++)))
Your lower body shifts to a powerful aquatic tail in water.
Your system is resistant to poisons. (rPois)
You occasionally lose the ability to read scrolls when taking damage.


Message History

Press: ? - help, Shift-Dir - straight line The bolt of light hits something.
Something hits you. Something bites you but does no damage.
Unknown command.
Unknown command.
Aiming: Bolt of Light
Press: ? - help, Shift-Dir - straight line Something hits you but does no damage.
Something bites you but does no damage.
Unknown command.
Unknown command.
Aiming: Bolt of Light
Press: ? - help, Shift-Dir - straight line The bolt of light hits something!!
Something hits you! Something bites you but does no damage.
Unknown command.
Unknown command.
Aiming: Bolt of Light
Press: ? - help, Shift-Dir - straight line Something draws life force from you!
* * * LOW HITPOINT WARNING * * *
Unknown command.
Unknown command.
There's nothing to close nearby.
Okay, then.
Aiming: Bolt of Light
Press: ? - help, Shift-Dir - straight line Something hits you!
* * * LOW HITPOINT WARNING * * *
You block something's attack.
Unknown command.
Okay, then.
You can't see any enemies this would affect, really read the scroll of fear?
As you read the scroll of fear, it crumbles to dust.
You assume a fearsome visage.
Nothing appears to happen.
You hear some strange, mumbled words.
Something tries to affect you, but you resist.
You feel yourself speed up. Something hits you.
* * * LOW HITPOINT WARNING * * *
Something bites you.
You die...

######.# #.# #.# #
#.# # #.# # #.######
# ######......# #
.....#†.....#########
#
####.#..........@{..#
###
#..........#####.#
#.. #........#.# #.#
#####.# #......###.#
#.# #.....# ###.#.##
#.# #.# #...... #.#.#
#.# ###.##### #..##.#
#.#.####.# #...>...#
#..##.# ##+#......#
#.......# #..##.#
##...#######
#.......# #..##.)


There were no monsters in sight!

Vanquished Creatures
  The ghost of deremet the Covert, a novice GnDe of Lugonu (D:6)
  Sigmund (D:4)
  A steam dragon (D:6)
  An ogre (D:3)
  A centaur (D:5)
  A phantom (D:4)
  2 kobold brigands (Sewer)
  A bullfrog (D:6)
  A gnoll sergeant (D:4)
  2 scorpions
  3 orc priests
  4 hounds
  A gnoll bouda (D:4)
  2 jellies
  Crazy Yiuf (D:2)
  3 orc wizards
  Ijyb (D:3)
  10 gnolls (D:4)
  6 adders
  A shadow imp (D:3)
  An ufetubus (D:5)
  2 worms (D:3)
  The ghost of drugrobin the Sneak, a weakling DgDe (D:4)
  2 dart slugs (D:1)
  15 orcs
  9 ball pythons
  6 bats
  10 endoplasms
  8 giant cockroaches
  8 goblins
  11 hobgoblins
  5 jackals
  23 kobolds
  4 quokkas
  2 frilled lizards
  7 rats
158 creatures vanquished.

Vanquished Creatures (collateral kills)
  A gnoll sergeant (D:5)
  2 orc priests (D:6)
  An adder (D:5)
4 creatures vanquished.

Vanquished Creatures (others)
  An ancestor (D:6)
1 creature vanquished.

Grand Total: 163 creatures vanquished

Notes
Turn   | Place    | Note
-------+----------+-------------------------------------------
     0 | D:1      | Newt the Merfolk Fighter began the quest for the Orb.
     0 | D:1      | Reached XP level 1. HP: 18/18 MP: 1/1
    28 | D:1      | Reached skill level 1 in Dodging
   114 | D:1      | Reached XP level 2. HP: 13/24 MP: 2/2
   528 | D:1      | Reached XP level 3. HP: 24/29 MP: 3/3
   548 | D:1      | Found a faded altar of an unknown god.
  1213 | D:2      | Found a runed translucent door.
  1214 | D:2      | Noticed Crazy Yiuf
  1716 | D:2      | Reached XP level 4. HP: 35/35 MP: 4/4
  1861 | D:2      | Killed Crazy Yiuf
  1862 | D:2      | Reached skill level 5 in Polearms
  1984 | D:3      | Gained mutation: You occasionally lose the ability to read
                  | scrolls when taking damage. [potion of mutation]
  1984 | D:3      | Gained mutation: Your system is resistant to poisons.
                  | (rPois) [potion of mutation]
  2261 | D:3      | Noticed Ijyb
  2287 | D:3      | Killed Ijyb
  2288 | D:3      | Reached skill level 4 in Fighting
  2288 | D:3      | Reached XP level 5. HP: 11/42 MP: 5/5
  2998 | D:4      | Noticed an ogre
  2999 | D:4      | Noticed Sigmund
  3020 | D:3      | Killed an ogre
  3021 | D:3      | Reached skill level 5 in Fighting
  3060 | D:4      | Reached XP level 6. HP: 51/51 MP: 6/6
  3218 | D:4      | Killed Sigmund
  3276 | D:4      | Reached XP level 7. HP: 54/56 MP: 7/7
  3381 | D:4      | Found a transporter.
  3386 | D:4      | Identified the +1 spear of Res Ipsa Loquitur {chaos, rElec}
  3386 | D:4      | Identified the +1 ring mail of Starshine {-Tele rCorr
                  | Dex+4}
  3388 | D:4      | Found a transporter.
  3520 | D:4      | Noticed drugrobin's ghost (weakling DgDe)
  3541 | D:4      | Found a glowing drain.
  3564 | Sewer    | Entered a sewer
  4032 | D:4      | Found an opulent altar of Gozag.
  4075 | D:4      | Found a staircase to the Ecumenical Temple.
  4314 | Temple   | Entered the Ecumenical Temple
  4324 | Temple   | Became a worshipper of Hepliaklqana the Forgotten
  4554 | D:4      | Killed drugrobin's ghost
  4563 | D:4      | Reached XP level 8. HP: 62/62 MP: 8/8
  4587 | D:4      | Reached skill level 1 in Evocations
  4673 | D:5      | Entered Level 5 of the Dungeon
  4932 | D:5      | Reached * piety under Hepliaklqana
  5808 | D:5      | Reached skill level 6 in Fighting
  5927 | D:6      | Reached skill level 7 in Fighting
  6047 | D:6      | Reached skill level 8 in Fighting
  6280 | D:6      | Found a runed translucent door.
  6281 | D:6      | Noticed deremet's ghost (novice GnDe)
  6296 | D:6      | Reached skill level 9 in Fighting
  6316 | D:6      | Killed deremet's ghost
  6317 | D:6      | Reached skill level 10 in Fighting
  6317 | D:6      | Reached XP level 9. HP: 59/70 MP: 9/9
  6331 | D:6      | Found a runed translucent door.
  6446 | D:5      | Slain by a vampire

Illustrated notes

Levels and vault maps discovered:
D:1:      co_arrival_square_in_a_square_in_a_square, layout_loops_corners,
          ebering_ecumenical_altar_mist, minmay_tripent
D:2:      layout_basic, uniq_crazy_yiuf_cottage
D:3:      layout_loops_corners, chequers_big_river, serial_bayou_pond_a,
          uniq_ijyb
D:4:      minmay_angry_zag, layout_basic, lemuel_crystal_altar,
          minmay_temple_entry_glass, portal_sewer_entry_a,
          gammafunk_ghost_gnarly_gnolls, minmay_bent, uniq_sigmund
D:5:      layout_loops_corners, minmay_manual_mullet
D:6:      layout_basic, ebering_ghost_sewer_f
Temple:   mainiacjoe_temple_bowtie_tessellation

Skill      XL: |  1  2  3  4  5  6  7  8  9 |
---------------+----------------------------+-----
Dodging        | 2 3 4 6 7 8 |  8.3
Polearms       | 3 4 5 7 8 |  8.0
Fighting       | 4 5 10 | 10.0
Stealth        | 2 4 |  4.0
Evocations     | 4 |  4.0
Armour         | |  2.1
Shields        | |  3.0

Action                     |  1- 3 |  4- 6 |  7- 9 || total
---------------------------+-------+-------+-------++-------
  Melee: Trident           |   134 |   148 |   391 ||   673
         Tailslap          |       |     1 |     1 ||     2
 Invoke: Recall Ancestor   |       |       |     2 ||     2
  Evoke: Wand              |       |     1 |     6 ||     7
    Use: Scroll            |       |    10 |     5 ||    15
         Potion            |       |     3 |     7 ||    10
   Stab: Paralysed         |       |     9 |       ||     9
         Invisible         |       |       |    11 ||    11
         Distracted        |       |       |     1 ||     1
 Armour: Scale mail        |     9 |       |       ||     9
         Chain mail        |    36 |    32 |   141 ||   209
  Dodge: Dodged            |    41 |    32 |   137 ||   210
  Block: Buckler           |    14 |    30 |    87 ||   131

Table legend: (Time is in decaauts)
 A = Elapsed time spent in this place.
 B = Non-inter-level travel time spent in this place.
 C = Inter-level travel time spent in this place.
 D = Time resting spent in this place.
 E = Time spent auto-exploring this place.
 F = Levels seen in this place.
 G = Mean time per level.
                   A        B        C        D        E       F      G
               +--------+--------+--------+--------+--------+-----+--------+
         Total |   6349 |   6107 |    242 |    578 |   4196 |   8 |  793.6 |
       Dungeon |   6008 |   5784 |    224 |    578 |   4011 |   6 | 1001.3 |
        Temple |     19 |      1 |     18 |      0 |      0 |   1 |   19.0 |
         Sewer |    322 |    322 |      0 |      0 |    184 |   1 |  322.0 |
               +--------+--------+--------+--------+--------+-----+--------+

Top non-repeatable levels by time:
     D:4: 1243 daAuts
     D:5: 1182 daAuts
     D:3: 1047 daAuts
     D:2: 1020 daAuts
     D:1: 968 daAuts
     D:6: 545 daAuts
   Sewer: 322 daAuts
  Temple: 19 daAuts
